 Dungeon Crawl Stone Soup version 0.26.0-10-g1f06aea511 (webtiles) character file.

Game seed: 14361169694967917825

356 Borgoz the Slasher (level 6, 0/53 HPs)
             Began as a Ghoul Monk on Jan 15, 2021.
             Killed by divine providence
             ... invoked by an orc priest
              (12 damage)
             ... on level 4 of the Dungeon.
             The game lasted 00:08:08 (3033 turns).

Borgoz the Slasher (Ghoul Monk)                     Turns: 3033, Time: 00:08:09

Health: 0/53       AC: 13    Str: 15    XL:     6   Next: 63%
Magic:  5/5        EV:  8    Int:  5    God:
Gold:   273        SH:  3    Dex: 13    Spells: 5/5 levels left

rFire    . . .     SeeInvis .   a - +0 falchion
rCold    + . .     Faith    .   b - +0 buckler
rNeg     + + +     Spirit   .   q - +1 plate armour {rPois}
rPois    ∞         Reflect  .   (no helmet)
rElec    .         Harm     .   i - +0 cloak
rCorr    .         Rampage  .   (no gloves)
Will     .....                  (no boots)
Stlth    ..........             (no amulet)
HPRegen  0.00/turn              g - +4 ring of evasion
MPRegen  0.09/turn              (no ring)

@: mighty
A: claws 1, cold resistance 1, negative energy resistance 3, inhibited
regeneration, torment resistance, unbreathing
a: no special abilities


You were on level 4 of the Dungeon.
You visited 1 branch of the dungeon, and saw 4 of its levels.
You also visited: Sewer.

You collected 273 gold pieces.

Inventory:

Hand Weapons
 a - a +0 falchion (weapon)
Armour
 b - a +0 buckler (worn)
 i - a +0 cloak (worn)
 q - a +1 plate armour of poison resistance (worn)
Jewellery
 g - a +4 ring of evasion (left claw)
Scrolls
 f - a scroll of blinking
 h - a scroll of magic mapping
Potions
 c - 2 potions of attraction {unknown}
 d - 2 potions of flight
 e - 2 potions of heal wounds {unknown}
 j - 3 potions of curing {unknown}
 k - a potion of might
 l - a potion of magic
 m - a potion of ambrosia {unknown}
 o - 2 potions of berserk rage {unknown}
 p - a potion of cancellation


   Skills:
 + Level 4.6 Fighting
 * Level 4.6 Long Blades
 + Level 2.2 Armour
 + Level 3.7 Dodging
 - Level 2.1 Stealth


You had 5 spell levels left.
You didn't know any spells.
Your spell library contained the following spells:

 Spells                   Type           Power        Failure   Level
 Confusing Touch          Hex            0%           100%        3
 Gell's Gravitas          Tloc           0%           100%        3
 Petrify                  Tmut/Erth      0%           100%        4
 Metabolic Englaciation   Hex/Ice        0%           100%        5
 Yara's Violent Unravell  Hex/Tmut       0%           100%        5
 Beastly Appendage        Tmut           Unusable     N/A         1
 Wereblood                Tmut           Unusable     N/A         2
 Spider Form              Tmut/Pois      Unusable     N/A         3
 Ice Form                 Ice/Tmut       Unusable     N/A         4
 Blade Hands              Tmut           Unusable     N/A         5

Dungeon Overview and Level Annotations

Branches:
Dungeon (4/15)              Sewer (visited)
 Temple: D:4-7

Altars:
Elyvilon
Kikubaaqudgha
Nemelex Xobeh


Innate Abilities, Weirdness & Mutations

You thrive by killing the living.
You are immune to poison.
You have sharp fingernails.
Your flesh is cold resistant. (rC+)
You are immune to negative energy. (rN+++)
You do not regenerate when monsters are visible.
You are immune to unholy pain and torment.
You can survive without breathing.


Message History

You are too injured to fight recklessly!
You are too injured to fight recklessly!
You feel very mighty all of a sudden.
The orc priest mumbles some strange prayers to Beogh against you.
Beogh smites you!
* * * LOW HITPOINT WARNING * * *
Okay, then.
You closely miss the orc priest. You block the orc priest's attack.
You slash the orc priest!
The orc priest is almost dead.
You hit the orc.
The orc is moderately wounded.
Your plate armour prevents you from hitting the orc.
The orc is moderately wounded.
The orc hits you but does no damage.
You slash the orc!
You kill the orc!
The orc priest calls down the wrath of Beogh upon you.
Beogh smites you!
You die...

..........[........#
...................#
.(.................#####
.......(...........+...#
...................###.#
############+####'#....#
#.#.#### #.####.#.#
#ooo)@.#.# ########.#
#.# #.. ###


You could see 2 orc priests and an orc.

Vanquished Creatures
  A big kobold (Sewer)
  A hound (D:4)
  A hound skeleton (D:4)
  10 adders
  4 river rats
  An ooze (D:3)
  A worm (D:2)
  4 dart slugs
  4 orcs (D:4)
  7 bats
  6 giant cockroaches
  10 hobgoblins
  16 jackals
  3 quokkas
  2 frilled lizards (D:4)
  13 goblins
  9 kobolds
  12 rats
105 creatures vanquished.

Notes
Turn   | Place    | Note
-------+----------+-------------------------------------------
     0 | D:1      | Borgoz the Ghoul Monk began the quest for the Orb.
     0 | D:1      | Reached XP level 1. HP: 19/19 MP: 0/0
    52 | D:1      | Reached XP level 2. HP: 26/26 MP: 1/1
   350 | D:1      | Reached XP level 3. HP: 31/31 MP: 2/2
   890 | D:2      | Found a white marble altar of Elyvilon.
   902 | D:2      | Reached skill level 1 in Armour
   950 | D:2      | Found a faded altar of an unknown god.
   959 | D:2      | Reached XP level 4. HP: 32/40 MP: 3/3
  1634 | D:2      | Found an ancient bone altar of Kikubaaqudgha.
  1635 | D:2      | Found a sparkling altar of Nemelex Xobeh.
  1695 | D:2      | Reached XP level 5. HP: 46/46 MP: 4/4
  1980 | D:3      | Found a glowing drain.
  2042 | Sewer    | Entered a sewer
  2105 | Sewer    | Noticed a big kobold
  2125 | Sewer    | Killed a big kobold
  2126 | Sewer    | Reached XP level 6. HP: 41/53 MP: 5/5
  2173 | Sewer    | Found a white marble altar of Elyvilon.
  3033 | D:4      | Killed from afar by an orc priest

Illustrated notes

Levels and vault maps discovered:
D:1:      dpeg_arrival_ternary, layout_basic, minmay_distorted
D:2:      layout_loops_ring, gammafunk_temple_overflow_pools,
          chequers_ecumenical_altar_island, hex_large, elyvilon_altar_3
D:3:      layout_basic, portal_sewer_entry_e
D:4:      layout_basic

Skill      XL: |  1  2  3  4  5 |
---------------+----------------+-----
Long Blades    | 3 4 |  4.6
Dodging        | 3 |  3.7
Armour         | 1 2 |  2.2
Fighting       | 4 |  4.6
Stealth        | |  2.1

Action                   |  1- 3 |  4- 6 || total
-------------------------+-------+-------++-------
Melee: Falchion          |    97 |   316 ||   413
  Use: Scroll            |       |    11 ||    11
       Potion            |       |     1 ||     1
 Stab: Sleeping          |     1 |       ||     1
Armor: Robe              |     4 |       ||     4
       Ring mail         |    19 |    16 ||    35
       Plate armour      |       |   205 ||   205
Dodge: Dodged            |    70 |   220 ||   290
Block: Buckler           |       |    38 ||    38
       Rpst.: Falchion   |    21 |    72 ||    93
